Map: Acid Plant LE

Players

axu - Winner!

  • Race: Protoss Protoss
  • League: Platinum
  • Spawn Location: 11:00

PINatA

  • Race: Protoss Protoss
  • League: Platinum
  • Spawn Location: 5:00

VOD

Have the link to the VOD?

Description

Time

  • Played on: April 12, 2018, 5:18 a.m.
  • Length: 5:54
Show
View Real Time Build Order
Export as new Build Order

axu Protoss - Winner!

Build Orders:  

Get SALT Encoding   

  12  0:02  Probe  
  13  0:14  Probe  
  13  0:18  Pylon  
  14  0:26  Probe  
  15  0:38  Probe  
  15  0:42  Gateway  
  16  0:50  Probe (Chrono Boost)  
  16  0:52  Assimilator  
  17  0:58  Assimilator  
  17  1:05  Probe (Chrono Boost)  
  18  1:13  Probe  
  19  1:21  Gateway  
  19  1:25  Probe  
  20  1:33  Cybernetics Core  
  20  1:37  Probe  
  21  1:45  Pylon  
  21  1:49  Probe  
  23  2:01  Probe  
  23  2:09  Warp Gate (Chrono Boost)  
  23  2:10  Adept x2  
  27  2:23  Probe  
  28  2:30  Pylon  
  30  2:44  Stalker (Chrono Boost)  
  30  2:45  Stalker (Chrono Boost)  
  30  2:50  Shield Battery  
  32  3:07  Stalker  
  32  3:08  Stalker  
  34  3:42  Gateway  
  34  3:43  Stalker (Chrono Boost)  
  34  3:44  Stalker (Chrono Boost)  
  34  3:45  Gateway  
  34  3:47  Pylon  
  36  3:50  Robotics Facility  
  36  4:12  Pylon  
  35  4:43  Stalker x2  
  35  4:44  Stalker  
  35  4:45  Stalker  
  43  4:57  Immortal  
  47  5:08  Stalker  
  47  5:09  Stalker x2  
  47  5:12  Stalker  
  55  5:20  Pylon  
Show
View Real Time Build Order
Export as new Build Order

PINatA Protoss 

Build Orders:  

Get SALT Encoding   

  12  0:01  Probe  
  13  0:14  Probe  
  14  0:19  Pylon  
  14  0:26  Probe  
  15  0:38  Gateway  
  15  0:42  Probe  
  16  0:47  Assimilator  
  16  1:01  Gateway  
  16  1:03  Probe  
  17  1:15  Probe  
  18  1:26  Cybernetics Core  
  18  1:28  Pylon  
  18  1:30  Assimilator  
  18  1:34  Probe  
  19  1:46  Probe  
  20  1:56  Pylon  
  20  1:58  Probe  
  21  2:02  Stalker (Chrono Boost)  
  23  2:10  Stalker (Chrono Boost)  
  23  2:11  Probe  
  26  2:17  Warp Gate (Chrono Boost)  
  26  2:26  Probe  
  27  2:37  Pylon  
  27  2:42  Stalker x2  
  30  2:48  Probe  
  31  3:13  Pylon  
  27  3:27  Nexus  
  27  3:32  Probe  
  27  3:34  Stalker  
  27  3:36  Sentry  
  31  3:45  Probe (Chrono Boost)  
  32  3:55  Probe (Chrono Boost)  
  33  4:01  Twilight Council  
  33  4:08  Probe  
  34  4:17  Stalker  
  36  4:19  Stalker  
  36  4:23  Probe (Chrono Boost)  
  39  4:35  Probe (Chrono Boost)  
  40  4:43  Probe (Chrono Boost)  
  42  4:46  Probe (Chrono Boost)  
  42  4:50  Stalker  
  44  4:53  Probe  
  44  4:58  Probe  
  46  5:04  Stalker  
  48  5:08  Probe  
  49  5:15  Gateway  
  49  5:20  Stalker  
  51  5:24  Probe  
Tags
 
Add a new tag
Caveats
  • Supply blocks, unpowered buildings, or Contaminate may cause inaccurate times.
  • Supply counts are checked every 10 seconds.